 Dungeon Crawl Stone Soup version 0.27.0-1-g7a089689b8 (webtiles) character file.

Game seed: 2944096685033067582

8201 ZombieSheep the Fighter (level 11, 0/108 (119) HPs)
             Began as an Ogre Berserker on Aug 1, 2021.
             Was an Elder of Trog.
             Slain by an acid dragon (12 damage)
             ... on level 9 of the Dungeon.
             The game lasted 00:26:53 (13064 turns).

ZombieSheep the Fighter (Ogre Berserker)           Turns: 13064, Time: 00:26:54

HP:   0/108 (119)   AC:  1    Str: 23    XL:     11   Next: 27%
MP:   11/11         EV: 12    Int:  8    God:    Trog [****..]
Gold: 864           SH:  5    Dex: 11    Spells: 10/10 levels left

rFire    + . .     SeeInvis .   a - +2 trident (venom)
rCold    + . .     Faith    .   (no shield)
rNeg     . . .     Spirit   .   r - +2 robe {rC+ rF+}
rPois    +         Reflect  +   (helmet restricted)
rElec    .         Harm     .   (no cloak)
rCorr    .         Rampage  .   (gloves unavailable)
Will     +....                  (boots unavailable)
Stlth    +.........             c - amulet of reflection
HPRegen  0.28/turn              h - ring of poison resistance
MPRegen  0.12/turn              (no ring)

@: corroded, on berserk cooldown, slowed, drained, very slow
A: large, unfitting armour, tough skin 1
a: Renounce Religion, Berserk, Trog's Hand, Brothers in Arms


You were on level 9 of the Dungeon.
You worshipped Trog.
Trog was greatly pleased with you.
You visited 1 branch of the dungeon, and saw 9 of its levels.

You collected 864 gold pieces.

Inventory:

Hand Weapons
 a - a +2 trident of venom (weapon)
 k - a +0 spectral flail
 u - a +0 morningstar
 B - a +0 giant spiked club
 H - a +2 trident of flaming
Missiles
 f - 27 poisoned darts
 n - 5 atropa-tipped darts
 q - 3 boomerangs (quivered)
 w - 2 throwing nets
 K - a curare-tipped dart
Armour
 r - a +2 robe of resistance (worn)
 t - a +0 tower shield
 G - +0 acid dragon scales
Jewellery
 c - an amulet of reflection (around neck)
 d - a ring of ice
 h - a ring of poison resistance (left hand)
 i - a ring of fire
 p - a +6 ring of strength
 F - a +6 ring of intelligence
Wands
 l - a wand of iceblast (8)
 m - a wand of acid (9)
 v - a wand of charming (9)
 M - a wand of flame (23)
Scrolls
 j - a scroll of brand weapon
 o - 3 scrolls of identify
 y - a scroll of teleportation
 J - a scroll of enchant armour
Potions
 b - a potion of resistance {unknown}
 e - 2 potions of ambrosia
 g - 3 potions of curing
 s - a potion of heal wounds {unknown}
 x - a potion of haste
 z - a potion of brilliance {unknown}
 A - 2 potions of lignification
 C - a potion of attraction {unknown}
 D - a potion of might {unknown}
 I - a potion of mutation {unknown}


   Skills:
 + Level 10.9 Fighting
 - Level 3.2 Maces & Flails
 + Level 7.4 Polearms
 + Level 7.4 Throwing
 + Level 6.3 Armour
 + Level 7.5 Dodging


You had 10 spell levels left.
You didn't know any spells.
Your spell library was empty.

Dungeon Overview and Level Annotations

Branches:
Dungeon (9/15)             Temple (0/1) D:7            Lair (0/6) D:8
    Orc: D:9-12

Altars:
Ashenzari
Cheibriados
Dithmenos
Elyvilon
Gozag
Kikubaaqudgha
Makhleb
Qazlal
Trog
Vehumet
The Shining One

Shops:
D:1 :   D:6 *

Annotations:
D:1 1 runed translucent door
D:5 3 runed translucent doors, RascalDebosk's ghost, novice MiFi; dolemite99's ghost, novice MfGl
D:6 2 runed translucent doors, dtburroughs's ghost, novice GrBe


Innate Abilities, Weirdness & Mutations

You are too large for most types of armour.
You have tough skin. (AC +1)


Message History

The yak is lightly wounded.
The yak closely misses you. The yak misses you.
You hit the yak.
The yak is poisoned.
The yak is lightly wounded.
The yak gores you!
You hit the yak.
The yak looks as sick as possible!
The yak is moderately wounded.
The yak gores you.
* * * LOW HITPOINT WARNING * * *
You block the yak's attack.
You puncture the yak!
The yak looks as sick as possible!
The yak is severely wounded.
The yak gores you but does no damage.
You feel better. The yak gores you!
* * * LOW HITPOINT WARNING * * *
You block the yak's attack.
You hit the yak.
The yak looks as sick as possible!
The yak is almost dead.
You kill the yak!
Trog accepts your kill. The acid dragon spits acid at you.
The splash of acid hits you.
* * * LOW HITPOINT WARNING * * *
The acid corrodes you!
You are splashed with acid!
* * * LOW HITPOINT WARNING * * *
You fail to use your ability.
The acid dragon barely misses you. You block the acid dragon's attack.
Unknown command.
Your ogre goes berserk!
Trog will no longer gift you weapons. The acid dragon bites you.
* * * LOW HITPOINT WARNING * * *
The acid dragon claws you.
* * * LOW HITPOINT WARNING * * *
The acid dragon completely misses you. The acid dragon claws you.
* * * LOW HITPOINT WARNING * * *
You feel better.
Your ogre closely misses the acid dragon.
The acid dragon bites you!
You die...

#...#..#..#...##....#...........#
#...#.....#...##....#...........)
#...###'###....#....#########....
#...##...##....#....#.......#.###
#...#....##..(.#....#.......#.# #
)...#....##....'....#.......#.# #
#)..#....##....#....##.>....#.# #
##≈≈###'##############......#.###
#≈≈≈............@D...#......#....
≈≈≈###############O..#......'<(..
≈≈## #...#......#.... ≈#*
#...#......#...# #**
#Y..#......#...#
*,***************#YY.#......#...#
,,*,,,,,,,,,,,,,,....#......#...#
,,*,,,,,,,,,,,,,,....#......#...#
,,*,,,,,,,,,,,,,,.Y..#......#...#


You could see an acid dragon (catching breath, ally target) and a friendly ogre
(summoned, berserk).

Vanquished Creatures
  Pikel (D:8)
  A komodo dragon (D:8)
  Sigmund (D:4)
  9 yaks (D:9)
  Eustachio (D:6)
  Grum (D:8)
  2 wyverns
  2 steam dragons (D:9)
  4 water moccasins
  3 sky beasts (D:6)
  A black bear (D:6)
  2 orc warriors
  2 ice beasts
  An ogre (D:7)
  A necrophage (D:6)
  2 wolves (D:8)
  4 centaurs
  6 bullfrogs
  5 kobold brigands
  Blork the orc (D:5)
  A scorpion (D:5)
  3 water moccasin skeletons
  16 killer bees
  11 wights
  A howler monkey (D:8)
  2 centaur zombies
  5 orc priests
  3 hounds
  A centaur skeleton (D:6)
  2 bullfrog skeletons (D:7)
  A gnoll shaman (D:8)
  An iron imp (D:8)
  4 iguanas (D:5)
  8 orc wizards
  2 killer bee zombies
  3 howler monkey zombies (D:8)
  4 gnolls (D:8)
  8 adders
  2 white imps
  An adder zombie (D:5)
  An adder skeleton (D:5)
  A worm (D:2)
  A dart slug (D:1)
  24 orcs
  6 ball pythons
  10 endoplasms
  2 giant cockroaches (D:3)
  7 goblins
  4 hobgoblins
  12 jackals
  17 kobolds
  2 quokkas
  9 bats
  3 frilled lizards
  A goblin zombie (D:8)
  A kobold skeleton (D:8)
  2 kobold zombies (D:8)
  2 orc skeletons (D:8)
  2 orc zombies (D:8)
236 creatures vanquished.

Vanquished Creatures (collateral kills)
  Maggie (D:8)
  An orc wizard (D:8)
2 creatures vanquished.

Vanquished Creatures (others)
  2 fungi (D:6)
  26 plants (D:8)
  6 withered plants (D:5)
34 creatures vanquished.

Grand Total: 272 creatures vanquished

Notes
Turn   | Place    | Note
-------+----------+-------------------------------------------
     0 | D:1      | ZombieSheep the Ogre Berserker began the quest for the Orb.
     0 | D:1      | Reached XP level 1. HP: 24/24 MP: 1/1
     1 | D:1      | Found a runed translucent door.
   300 | D:1      | Reached XP level 2. HP: 22/32 MP: 2/2
   469 | D:1      | Found Xampoeve's Book Boutique.
   959 | D:1      | Reached XP level 3. HP: 39/40 MP: 3/3
  1564 | D:2      | Reached ** piety under Trog
  1901 | D:2      | Reached skill level 1 in Armour
  2312 | D:2      | Reached XP level 4. HP: 49/49 MP: 4/4
  3071 | D:3      | Reached skill level 5 in Fighting
  3153 | D:3      | Found a faded altar of an unknown god.
  3485 | D:3      | You fall into a shaft and drop 1 floor!
  3713 | D:4      | Reached skill level 1 in Throwing
  3716 | D:4      | Reached XP level 5. HP: 57/57 MP: 5/5
  3729 | D:4      | Reached skill level 1 in Polearms
  4012 | D:4      | Noticed Sigmund
  4041 | D:4      | Killed Sigmund
  4042 | D:4      | Reached XP level 6. HP: 49/67 MP: 1/6
  4968 | D:5      | Entered Level 5 of the Dungeon
  4994 | D:5      | Reached skill level 6 in Fighting
  4994 | D:5      | Reached XP level 7. HP: 73/75 MP: 7/7
  5009 | D:5      | Found a stormy altar of Qazlal.
  5011 | D:5      | Found a snail-covered altar of Cheibriados.
  5012 | D:5      | Found a bloodstained altar of Trog.
  5013 | D:5      | Found a shadowy altar of Dithmenos.
  5014 | D:5      | Found an ancient bone altar of Kikubaaqudgha.
  5053 | D:5      | Noticed Blork the orc
  5264 | D:5      | Killed Blork the orc
  5517 | D:5      | Reached *** piety under Trog
  5557 | D:5      | Found a runed translucent gate.
  5557 | D:5      | Found a runed translucent gate.
  5557 | D:5      | Found a runed translucent gate.
  5559 | D:5      | Noticed dolemite99's ghost (novice MfGl)
  5559 | D:5      | Noticed RascalDebosk's ghost (novice MiFi)
  5625 | D:5      | Reached XP level 8. HP: 62/84 MP: 8/8
  6361 | D:6      | Noticed Eustachio
  6387 | D:6      | Killed Eustachio
  6388 | D:6      | Reached skill level 7 in Fighting
  6914 | D:6      | Reached skill level 5 in Dodging
  6940 | D:6      | Found a broken altar of Ashenzari.
  6944 | D:6      | Saw a vision of the Swamp and the Snake Pit.
  6944 | D:6      | Noticed a black mamba
  6944 | D:6      | Noticed a goliath frog
  6944 | D:6      | Noticed a black mamba
  6944 | D:6      | Noticed a shock serpent
  6944 | D:6      | Noticed a black mamba
  6944 | D:6      | Noticed a mana viper
  6944 | D:6      | Noticed a goliath frog
  6944 | D:6      | Noticed a naga warrior
  7434 | D:6      | Reached XP level 9. HP: 91/96 MP: 9/9
  7444 | D:6      | Reached skill level 8 in Fighting
  7601 | D:6      | Found an opulent altar of Gozag.
  7605 | D:6      | Found Gozag's Platinum Reserve.
  7764 | D:6      | Found a runed translucent door.
  7764 | D:6      | Noticed dtburroughs's ghost (novice GrBe)
  8048 | D:6      | Found a runed translucent door.
  8284 | D:7      | Reached skill level 5 in Throwing
  8384 | D:7      | Reached skill level 5 in Polearms
  8841 | D:7      | Found a burning altar of Makhleb.
  8945 | D:7      | Found a staircase to the Ecumenical Temple.
  9041 | D:8      | Found a glowing golden altar of the Shining One.
  9057 | D:8      | Reached **** piety under Trog
  9490 | D:8      | Reached skill level 9 in Fighting
  9497 | D:8      | Noticed a komodo dragon
  9516 | D:8      | Killed a komodo dragon
  9517 | D:8      | Reached skill level 5 in Armour
  9517 | D:8      | Reached XP level 10. HP: 107/107 MP: 10/10
  9645 | D:8      | Noticed Grum
  9652 | D:8      | Killed Grum
  9753 | D:8      | Found a staircase to the Lair.
 10194 | D:8      | Noticed Pikel
 10204 | D:8      | Killed Pikel
 10263 | D:8      | Noticed Maggie
 10284 | D:8      | Killed Maggie
 10471 | D:8      | Reached skill level 10 in Fighting
 11493 | D:9      | Found a white marble altar of Elyvilon.
 11556 | D:9      | Reached ***** piety under Trog
 11557 | D:9      | Reached XP level 11. HP: 20/119 MP: 11/11
 12036 | D:9      | Found a radiant altar of Vehumet.
 13064 | D:9      | Slain by an acid dragon

Illustrated notes

Levels and vault maps discovered:
D:1:      dpeg_arrival_caged_fury, layout_basic, serial_shops,
          nicolae_shop_crystal, minivault_5, hangedman_abyss_or_decor_stabs
D:2:      layout_basic, minivault_5, chequers_serial_rivers_small_3,
          minmay_octomino_c4
D:3:      cheibrodos_helix_gallery, layout_loops_ring, basic_ecumenical_altar
D:4:      layout_basic, uniq_sigmund
D:5:      layout_loops_corners, grunt_temple_overflow_open,
          gammafunk_ghost_cemetery, amcnicky_mini_pool_medium,
          uniq_blork_the_orc
D:6:      layout_loops_ring, nicolae_gozag_zags_fifth_avenue,
          grunt_ashenzari_visionary [grunt_ashenzari_visionary_swamp,
          grunt_ashenzari_visionary_snake], ebering_ghost_sewer_f, serial_glass,
          glass_columns_c, glass_columns_a, glass_columns_a, glass_columns_b,
          uniq_eustachio
D:7:      layout_loops_ring, kennysheep_mini, minmay_temple_entry_fiery,
          grunt_ministairs_7
D:8:      minmay_polygon_palace, layout_basic, nicolae_tso_besieged_by_evil,
          david_lair_shrubbed, uniq_grum, uniq_pikel, uniq_maggie
D:9:      layout_stronghold, mainiacjoe_overflow_brackets,
          nicolae_vehumet_altar_sigil, kennysheep_opposing_triangles,
          uniq_prince_ribbit1

Skill      XL: |  1  2  3  4  5  6  7  8  9 10 |
---------------+-------------------------------+-----
Dodging        | 3 4 5 6 7 |  7.5
Maces & Flails | 3 |  3.2
Armour         | 1 2 3 5 6 |  6.3
Fighting       | 5 6 7 9 10 | 10.9
Throwing       | 1 2 3 4 5 7 |  7.4
Polearms       | 1 2 3 4 5 7 |  7.4

Action                   |  1- 3 |  4- 6 |  7- 9 | 10-12 || total
-------------------------+-------+-------+-------+-------++-------
Melee: Mace              |   137 |    67 |       |       ||   204
       Trident           |       |    68 |   319 |   349 ||   736
Throw: Dart              |     4 |    10 |     7 |     6 ||    27
       Boomerang         |       |    13 |    25 |    37 ||    75
Invok: Berserk           |     1 |     2 |     4 |     3 ||    10
       Brothers in Arms  |       |       |       |     2 ||     2
       Trog's Hand       |       |       |       |     1 ||     1
  Use: Scroll            |     1 |     8 |     3 |     3 ||    15
       Potion            |       |       |       |     3 ||     3
 Stab: Distracted        |       |       |       |     1 ||     1
Armor: Animal skin       |    59 |    30 |       |       ||    89
       Robe              |       |     7 |    69 |    53 ||   129
Dodge: Dodged            |   111 |    63 |   118 |   161 ||   453
Block: Other             |       |     8 |    59 |    64 ||   131
       Reflection        |       |       |     1 |     4 ||     5
